 Dungeon Crawl Stone Soup version 0.24.0-125-gc4c63601f3 (webtiles) character file.

Game seed: 8494396873095945266, levelgen mode: deterministic

123 Frank2 the Cudgeler (level 4, -3/34 HPs)
             Began as a Demonspawn Gladiator on Mar 7, 2020.
             Slain by a bullfrog skeleton (6 damage)
             ... on level 4 of the Dungeon.
             The game lasted 00:03:24 (3001 turns).

Frank2 the Cudgeler (Demonspawn Gladiator)          Turns: 3001, Time: 00:03:25

Health: -3/34      AC:  9    Str: 15    XL:     4   Next: 79%
Magic:  4/4        EV: 12    Int:  9    God:
Gold:   78         SH:  0    Dex: 15    Spells: 3/3 levels left

rFire    . . .     SeeInvis .   a - +0 flail
rCold    + . .     Gourm    .   (no shield)
rNeg     . . .     Faith    .   h - +0 ring mail
rPois    .         Spirit   .   c - +0 helmet
rElec    .         Reflect  .   (no cloak)
rCorr    .         Harm     .   i - +0 pair of gloves
MR       .....                  (no boots)
Stlth    +.........             (no amulet)
HPRegen  0.11/turn              (no ring)
MPRegen  0.09/turn              (no ring)

@: lethally poisoned (-3 -> -17)
A: thin metallic scales 1, cold resistance 1
a: no special abilities


You were on level 4 of the Dungeon.
You were near starving.

You visited 1 branch of the dungeon, and saw 4 of its levels.

You collected 78 gold pieces.

Inventory:

Hand Weapons
 a - a +0 flail (weapon)
Missiles
 d - 5 throwing nets (quivered)
Armour
 c - a +0 helmet (worn)
 h - a +0 ring mail (worn)
 i - a +0 pair of gloves (worn)
Jewellery
 l - an uncursed ring of poison resistance {unknown}
Scrolls
 e - a scroll of enchant armour {unknown}
 g - 5 scrolls of identify {unknown}
 n - a scroll of teleportation {unknown}
Potions
 b - a potion of agility {unknown}
 j - a potion of might {unknown}
 k - a potion of curing {unknown}
 m - 2 potions of degeneration {unknown}
Comestibles
 f - 7 rations


   Skills:
 + Level 2.7 Fighting
 + Level 4.1 Maces & Flails
 - Level 1.7 Throwing
 + Level 1.2 Armour
 + Level 3.2 Dodging


You had 3 spell levels left.
You didn't know any spells.
Your spell library was empty.

Dungeon Overview and Level Annotations

Branches:
Dungeon (4/15)
 Temple: D:4-7

Altars:
Ashenzari

Annotations:
D:4 Eustachio


Innate Abilities, Weirdness & Mutations

You are partially covered in thin metallic scales. (AC +2)
Your flesh is cold resistant. (rC+)


Message History

The bullfrog skeleton hits you but does no damage.
The worker ant misses you.
The bullfrog skeleton closely misses you.
You hit the worker ant but do no damage.
The worker ant is severely wounded.
The worker ant bites you.
* * * LOW HITPOINT WARNING * * *
You are lethally poisoned!
The worker ant poisons you! The bullfrog skeleton hits you.
* * * LOW HITPOINT WARNING * * *
The worker ant bites you.
* * * LOW HITPOINT WARNING * * *
You are more poisoned.
The worker ant poisons you!
* * * LOW HITPOINT WARNING * * *
You feel sick.
The bullfrog skeleton completely misses you.
* * * LOW HITPOINT WARNING * * *
You feel sick. The bullfrog skeleton hits you.
You die...

#########
#........
##.....[..
.......
#...#
##.######
#(aZ@...##
#.#####..#
#. ##.# ..
#.## ..#
#..# ###
##.# #.##
######..##
##...#....#


You could see a worker ant and a bullfrog skeleton.

Vanquished Creatures
  A hound skeleton (D:3)
  3 adders (D:3)
  2 worms
  3 dart slugs
  A leopard gecko (D:2)
  6 bats
  A giant cockroach (D:3)
  5 goblins
  12 hobgoblins
  7 jackals
  3 quokkas
  A ball python (D:3)
  6 frilled lizards
  9 kobolds
  9 rats
69 creatures vanquished.

Notes
Turn   | Place    | Note
-------+----------+-------------------------------------------
     0 | D:1      | Frank2 the Demonspawn Gladiator began the quest for the
                  | Orb.
     0 | D:1      | Reached XP level 1. HP: 16/16 MP: 1/1
   156 | D:1      | Reached skill level 3 in Maces & Flails
   166 | D:1      | Gained mutation: Your flesh is cold resistant. (rC+)
                  | [demonic ancestry]
   166 | D:1      | Reached XP level 2. HP: 13/22 MP: 2/2
   931 | D:2      | Gained mutation: You are partially covered in thin metallic
                  | scales. (AC +2) [demonic ancestry]
   931 | D:2      | Reached XP level 3. HP: 27/27 MP: 3/3
  1913 | D:3      | Reached XP level 4. HP: 34/34 MP: 4/4
  1984 | D:3      | Reached skill level 1 in Armour
  2009 | D:3      | Found a faded altar of an unknown god.
  2168 | D:3      | Reached skill level 4 in Maces & Flails
  2219 | D:3      | Found a shattered altar of Ashenzari.
  2728 | D:4      | Noticed Eustachio
  3001 | D:4      | Slain by a bullfrog skeleton

Levels and vault maps discovered:
D:1:      shiori_arrival_elements, layout_basic, corexii_leaking_fountain
D:2:      layout_basic, first_ration
D:3:      layout_basic, evilmike_ruin_ashenzari,
          chequers_ecumenical_altar_simple_redux
D:4:      layout_rooms, mrwooster_statue_mirror,
          hangedman_abyss_or_decor_passed, uniq_eustachio,
          uniq_crazy_yiuf_cottage

Skill      XL: |  1  2  3  4 |
---------------+-------------+-----
Maces & Flails | 3 4 |  4.1
Dodging        | 3 |  3.2
Armour         | 1 |  1.2
Fighting       | |  2.7
Throwing       | |  1.7

Action                   |  1- 3 |  4- 6 || total
-------------------------+-------+-------++-------
Melee: Flail             |   154 |    95 ||   249
  Use: Scroll            |     2 |       ||     2
 Stab: Sleeping          |     1 |       ||     1
  Eat: Chunk             |     2 |     3 ||     5
Armor: Leather armour    |    17 |       ||    17
       Ring mail         |    57 |    65 ||   122
Dodge: Dodged            |   138 |    94 ||   232
